Cogmind - Beta 9.4 @@@ ROGUE MODE // 2020.02.23 @ 05:55:53 Player: Xeram Result: Destroyed by S-43 Plague with Heavy Machine Gun Performance ------------- Evolutions (7) 3500 Regions Visited (21) 4200 Robots Destroyed (82) 410 Value Destroyed (5483) 5483 Prototype IDs (3) 60 Alien Tech Used (0) 0 Bonus (3346) 3346 TOTAL SCORE: 16999 Bonus ------- High Alert Combat Kills 248 Follower Combat Kills 2269 Entered Garrisons 600 Used RIF Installer 1000 Aligned with FarCom 300 Friendly Fire -1071 Cogmind --------- Core Integrity 0/1300 Matter 264/300 Energy 15/100 System Corruption 17% Temperature Cool (0) Movement Treading (160) Location -3/Armory Parts ------- > --- POWER (2) -------- (None) > --- PROPULSION (5) --- Centrium Heavy Treads Centrium Heavy Treads > --- UTILITY (10) ----- Advanced Target Analyzer Improved Cloaking Device Improved Utility Shielding System Shield > --- WEAPON (4) ------- Quantum Rifle > --- INVENTORY (4) ---- Improved Antigrav System Peak State ------------ > --- POWER ------------ Light Quantum Reactor > --- PROPULSION ------- Improved Treads Advanced Heavy Treads Centrium Heavy Treads > --- UTILITY ---------- Advanced Heat Sink Lightpack 2.0 Advanced Targeting Computer Improved Core Shielding Improved Medium Armor Plating Layered Heavy Armor Plating Point Defense System System Shield > --- WEAPON ----------- Plasma Rifle Railgun Magnetic Acceleration Cannon Hardcell Cannon > --- INVENTORY -------- Micro Fission Core Light Antimatter Reactor Gravmag Array Impulse Thruster Array Improved Kinecellerator Improved Medium Armor Plating Improved Medium Armor Plating Improved Medium Armor Plating Electrolaser Electrolaser Heavy Laser Dispersion Rifle Heavy Plasma Cannon Heavy Phase Cannon Gauss Rifle KE Penetrator Bore Cannon Remote Datajack Remote Datajack Plasma Flamer Makeshift Axe Phasing Sabre [Rating: 139] Favorites ----------- Power Improved Deuterium Engine Engine Improved Deuterium Engine Power Core Neutrino Core Reactor Light Antimatter Reactor Propulsion Combat Airjet Treads Centrium Heavy Treads Leg Aluminum Leg Hover Unit Combat Airjet Flight Unit Field Propulsion Drive Utility Lightpack 2.0 Device Advanced Heat Sink Storage Lightpack 2.0 Processor Advanced Targeting Computer Hackware Relay Coupler [Sentry] Protection Improved Medium Armor Plating Weapon Flak Gun Energy Gun Plasma Rifle Energy Cannon Heavy Phase Cannon Ballistic Gun Flak Gun Ballistic Cannon Magnetic Acceleration Cannon Launcher Rocket Launcher Special Weapon Remote Datajack Slashing Weapon Makeshift Axe Build | -11 -10 -10 -10 -9 -8 -7 -7 -7 -7 -7 -6 -6 -6 -6 -6 -5 -5 -4 -4 -3 -3 ------- Run | Scr Mat Min Exi Min Mat Fac Gar Fac Low Low Fac Gar Fac Low Low Fac Gar Fac Ext Res Arm Slots Evolved 14 | . . . . . 4 2 . . . . 2 . . . . 2 . 2 . 2 . Power 1 | . . . . . . . . . . . 1 . . . . . . . . . . Propulsion 3 | . . . . . 1 . . . . . . . . . . 1 . . . 1 . Utility 8 | . . . . . 3 1 . . . . 1 . . . . 1 . 2 . . . Weapon 2 | . . . . . . 1 . . . . . . . . . . . . . 1 . Parts Attached 183 | 6 4 3 1 . 7 4 26 2 3 . 3 15 7 6 3 2 1 9 22 8 51 Power 19 | 1 . 1 . . . . 1 . . . . . . 1 . . 1 . 4 . 10 Engine 6 | 1 . 1 . . . . 1 . . . . . . . . . 1 . 2 . . Core 4 | . . . . . . . . . . . . . . 1 . . . . . . 3 Reactor 9 | . . . . . . . . . . . . . . . . . . . 2 . 7 Propulsion 41 | 2 . 2 . . 1 . 4 1 1 . 1 1 1 1 . . . 2 1 6 17 Treads 7 | . . . . . . . . . . . . . . . . . . . . 4 3 Leg 2 | 2 . . . . . . . . . . . . . . . . . . . . . Wheel . | . . . . . . . . . . . . . . . . . . . . . . Hover 24 | . . 2 . . 1 . 4 1 1 . 1 1 1 1 . . . 2 1 . 8 Flight 8 | . . . . . . . . . . . . . . . . . . . . 2 6 Utility 56 | 1 2 . 1 . 4 2 7 1 2 . 1 6 6 1 2 1 . 3 7 . 9 Device 9 | . . . . . 1 2 . . . . . . . . . . . 1 2 . 3 Storage 4 | 1 2 . 1 . . . . . . . . . . . . . . . . . . Processor 2 | . . . . . 1 . . . . . . . . . . . . . . . 1 Hackware 22 | . . . . . . . 5 1 1 . 1 5 5 . . . . 1 3 . . Protection 19 | . . . . . 2 . 2 . 1 . . 1 1 1 2 1 . 1 2 . 5 Artifact . | . . . . . . . . . . . . . . . . . . . . . . Weapon 67 | 2 2 . . . 2 2 14 . . . 1 8 . 3 1 1 . 4 10 2 15 Energy Gun 11 | 1 . . . . . . . . . . . . . 1 . . . . 1 . 8 Energy Cannon 4 | . 1 . . . . . . . . . . . . . . . . 1 . . 2 Ballistic Gun 19 | 1 1 . . . 2 1 6 . . . . 2 . . . . . . 4 1 1 Ballistic Cannon 5 | . . . . . . . . . . . 1 . . . . . . . 1 1 2 Launcher 6 | . . . . . . . 4 . . . . 1 . 1 . . . . . . . Special Weapon 14 | . . . . . . 1 4 . . . . 3 . . . 1 . 1 2 . 2 Impact Weapon . | . . . . . . . . . . . . . . . . . . . . . . Slashing Weapon 8 | . . . . . . . . . . . . 2 . 1 1 . . 2 2 . . Piercing Weapon . | . . . . . . . . . . . . . . . . . . . . . . Special Melee Weapon . | . . . . . . . . . . . . . . . . . . . . . . Unidentified Prototypes 3 | . . . 1 . . . . . . . . . . . . . . . . 1 1 Parts Lost 69 | . . . . . 1 . 3 . 1 . . 3 2 4 1 . 1 . 7 . 46 Power 11 | . . . . . . . . . . . . . 1 1 . . 1 . 1 . 7 Propulsion 21 | . . . . . . . 1 . 1 . . 2 . 1 . . . . 3 . 13 Utility 21 | . . . . . 1 . 2 . . . . 1 . 1 1 . . . 2 . 13 Weapon 16 | . . . . . . . . . . . . . 1 1 . . . . 1 . 13 Highest Loss Streak 19 | . . . . . 1 . 1 . 1 . . 2 1 4 1 . 1 . 3 . 19 Average Slot Usage (%) 78 | . 87 100 92 85 89 90 91 92 91 92 80 81 71 67 66 64 61 65 65 67 58 Engine 6 | . 14 14 14 14 9 7 7 7 7 7 6 11 7 2 . . 1 5 2 . . Leg 2 | . 28 23 . . . . . . . . . . . . . . . . . . . Hover 15 | . . 4 28 28 26 23 22 23 22 23 20 18 12 12 13 11 11 15 8 2 5 Device 2 | . . . . . 3 13 5 . . . . . . . . . . . 4 9 6 Storage 7 | . 16 28 20 14 9 7 7 7 7 7 6 6 6 6 6 5 5 5 5 4 2 Processor 5 | . . . . . 5 7 7 7 7 7 6 6 6 6 6 5 5 5 5 4 5 Hackware 7 | . . . . . . . 4 18 19 15 13 7 11 13 13 11 11 12 8 4 4 Protection 8 | . . . . . 17 7 10 3 2 7 6 10 7 6 6 11 11 11 12 14 6 Energy Gun 1 | . . . . . . . . . . . . . . 3 . . . . 3 4 3 Ballistic Gun 10 | . 19 28 28 28 18 21 18 15 15 15 13 6 3 . . . . . 3 8 2 Special Weapon 2 | . . . . . . 1 3 7 7 7 . 5 6 2 . 4 5 3 3 . . Slashing Weapon 1 | . . . . . . . . . . . . 3 6 6 12 5 2 2 2 . . Naked Turns . | . . . . . . . . . . . . . . . . . . . . . . Heaviest Build 80 | 11 40 40 40 13 27 27 37 32 32 32 37 46 40 41 52 54 54 53 65 75 80 Greatest Support 173 | 20 20 44 44 44 53 53 53 53 53 53 61 61 44 50 50 50 50 61 61 126 173 Greatest Overweight (x) 3 | 1 1 1 . . . . . . . . . . . 1 1 1 1 . 2 2 3 Average Overweight (x) . | . . . . . . . . . . . . . . . . 1 . . . . . Largest Inventory Capacity 24 | 6 16 16 24 24 24 24 24 24 24 24 24 24 24 24 24 24 24 24 24 24 24 Average Capacity 22 | 5 7 16 20 24 24 24 24 24 24 24 24 24 24 24 24 24 24 24 24 24 16 Most Carried 24 | 4 7 16 18 21 24 24 24 24 24 21 24 24 24 22 24 23 24 24 24 24 24 Average Carried 19 | 2 5 9 15 18 22 21 21 24 22 21 23 21 22 19 23 23 23 23 20 22 15 Final Capacity 24 | 6 16 16 24 24 24 24 24 24 24 24 24 24 24 24 24 24 24 24 24 24 4 Final Carried 24 | 4 7 16 18 21 24 21 24 24 21 21 23 24 21 20 24 23 23 23 23 24 1 Class Distribution -------------------- 37% | Bothacker-Mutant 17% | Commander-Mutant 11% | Scavenger-Mutant 11% | Mutant 7% | Hauler-Mutant 4% | Hauler-Tank 3% | Commander-Tank Dominant Class ---------------- Mutant | -10/Materials Mutant | -10/Mines Hauler-Mutant | -10/Exiles Hauler-Mutant | -9/Mines Scavenger-Mutant | -8/Materials Hauler-Tank | -7/Factory Bothacker-Mutant | -7/Garrison Bothacker-Mutant | -7/Factory Bothacker-Mutant | -7/Lower Caves Commander-Mutant | -7/Lower Caves Bothacker-Skirmisher | -6/Factory Commander-Mutant | -6/Garrison Bothacker-Mutant | -6/Factory Bothacker-Mutant | -6/Lower Caves Bothacker-Mutant | -6/Lower Caves Bothacker-Mutant | -5/Factory Bothacker-Mutant | -5/Garrison Bothacker-Mutant | -4/Factory Bothacker-Mutant | -4/Extension Commander-Tank | -3/Research Scavenger-Gunner | -3/Armory Resources | -11 -10 -10 -10 -9 -8 -7 -7 -7 -7 -7 -6 -6 -6 -6 -6 -5 -5 -4 -4 -3 -3 ----------- Run | Scr Mat Min Exi Min Mat Fac Gar Fac Low Low Fac Gar Fac Low Low Fac Gar Fac Ext Res Arm Matter Collected 4159 | 249 28 164 . 10 525 . 634 . 217 . 65 595 . 231 49 . . . 631 90 671 Remotely . | . . . . . . . . . . . . . . . . . . . . . . Salvage Created 3580 | . 87 153 . . 867 . 592 . . . 125 478 . . 165 . . . 360 . 753 Parts 199 | . 4 14 . . 54 . 38 . . . 4 13 . . 9 . . . 9 . 54 Haulers Intercepted 1 | . . . . . 1 . . . . . . . . . . . . . . . . Recyclers Shooed 1 | . . . . . 1 . . . . . . . . . . . . . . . . Parts Field Recycled . | . . . . . . . . . . . . . . . . . . . . . . Retrieved Matter . | . . . . . . . . . . . . . . . . . . . . . . Parts Self-Destructed 26 | . . . . . . . . . . . . . . 11 15 . . . . . . Prevented 1 | . . . . . . . . . . . . . . 1 . . . . . . . Kills | -11 -10 -10 -10 -9 -8 -7 -7 -7 -7 -7 -6 -6 -6 -6 -6 -5 -5 -4 -4 -3 -3 ------- Run | Scr Mat Min Exi Min Mat Fac Gar Fac Low Low Fac Gar Fac Low Low Fac Gar Fac Ext Res Arm Combat Hostiles Destroyed 71 | . 2 9 . . 11 . 19 . . . 1 8 . . 3 . . . 5 . 13 Melee 9 | . . . . . . . . . . . . 3 . . 3 . . . 3 . . Guns 39 | . . 9 . . 11 . 8 . . . 1 4 . . . . . . 2 . 4 Cannons 10 | . 2 . . . . . . . . . . . . . . . . . . . 8 AOE 13 | . . . . . . . 11 . . . . 1 . . . . . . . . 1 Classes Destroyed 11 | . 1 1 . . 6 . . . . . 1 1 . . 1 . . . . . . Tunneler 1 | . . . . . 1 . . . . . . . . . . . . . . . . Hauler 1 | . . . . . 1 . . . . . . . . . . . . . . . . Recycler 1 | . . . . . 1 . . . . . . . . . . . . . . . . Watcher 4 | . . . . . 4 . . . . . . . . . . . . . . . . Swarmer 20 | . . 9 . . . . 6 . . . 1 2 . . . . . . . . 2 Grunt 30 | . 2 . . . 5 . 10 . . . 1 6 . . 1 . . . 4 . 1 Brawler 1 | . . . . . . . . . . . . 1 . . . . . . . . . Duelist 5 | . . . . . . . . . . . 1 . . . 1 . . . . . 3 Sentry 10 | . . . . . 5 . 3 . . . . 1 . . . . . . 1 . . Hunter 1 | . . . . . 1 . . . . . . . . . . . . . . . . Programmer 8 | . . . . . . . . . . . . . . . 1 . . . . . 7 Best Kill Streak 8 | . 2 3 . . 6 . 8 . . . 1 2 . . 2 . . . 1 . 3 Combat Bots Only 8 | . 2 3 . . 6 . 8 . . . 1 2 . . 2 . . . 1 . 3 Max Kills in Single Turn 2 | . 1 1 . . 1 . 2 . . . 2 2 . . 1 . . . 1 . 1 Gunslinging 1 | . . . . . . . . . . . . 1 . . . . . . . . . Exploded 2 | . . . . . . . 2 . . . . 1 . . . . . . . . 1 Melee 1 | . . . . . . . . . . . . 1 . . 1 . . . 1 . . Uniques/NPCs Destroyed . | . . . . . . . . . . . . . . . . . . . . . . Combat | -11 -10 -10 -10 -9 -8 -7 -7 -7 -7 -7 -6 -6 -6 -6 -6 -5 -5 -4 -4 -3 -3 -------- Run | Scr Mat Min Exi Min Mat Fac Gar Fac Low Low Fac Gar Fac Low Low Fac Gar Fac Ext Res Arm Damage Taken 13419 | . 78 377 . . 526 20 598 . 189 . 147 1276 195 331 440 . 787 1 1448 122 6884 Core 2097 | . 22 93 . . 73 20 58 . 36 . 33 142 35 41 132 . 53 1 51 18 1289 Absorbed by Shields . | . . . . . . . . . . . . . . . . . . . . . . Core Remaining (%) 80 | 100 . . . 54 86 . . . . 83 . . . . 54 . 94 . 95 . . Volleys Fired 340 | . 7 26 . . 46 . 49 4 9 . 4 58 15 4 . 1 . 1 60 . 56 Largest 4 | . 2 2 . . 2 . 3 1 1 . 3 3 1 2 . 1 . 1 3 . 4 Hottest 309 | . 80 40 . . 56 . 156 30 30 . 104 114 30 108 . 30 . 30 156 . 309 Shots Fired 575 | . 14 52 . . 92 . 89 4 9 . 12 78 15 7 . 1 . 1 75 . 126 Gun 351 | . 7 52 . . 92 . 65 . . . 8 23 . 3 . . . . 23 . 78 Cannon 70 | . 7 . . . . . . . . . 4 12 . . . . . . 2 . 45 Launcher 16 | . . . . . . . 8 . . . . 4 . 4 . . . . . . . Special 138 | . . . . . . . 16 4 9 . . 39 15 . . 1 . 1 50 . 3 Kinetic 338 | . 7 52 . . 92 . 65 . . . 12 35 . . . . . . 20 . 55 Thermal 51 | . 7 . . . . . 4 . . . . . . 3 . . . . 5 . 32 Explosive 16 | . . . . . . . 8 . . . . 4 . 4 . . . . . . . Electromagnetic 36 | . . . . . . . . . . . . . . . . . . . . . 36 Robot Hit Streak 32 | . 8 4 . . 10 . 14 3 5 . 7 12 16 10 . 11 . 12 26 . 32 Robot Miss Streak 14 | . 1 3 . . 14 . 10 1 1 . 2 10 3 . . . . . 1 . 6 Penetration Max 1 | . . . . . . . . . . . . . . . . . . . 1 . . Secondary Targets 2 | . . 1 . . . . . . . . . 1 . . . . . . . . . Max Gunslinging Chain 1 | . . 1 . . . . . . . . . 1 . . . . . . . . . Shots Hit Robots 463 | . 11 26 . . 80 . 51 3 6 . 10 79 12 4 19 1 . 1 97 . 63 Core Hits 263 | . 3 9 . . 74 . 60 . . . 10 40 . 12 7 . . . 16 . 32 Critical Hits 7 | . . . . . . . . . . . . . . . 1 . . . 1 . 5 Critical Kills 2 | . . . . . . . . . . . . . . . . . . . . . 2 Critical Parts Destroyed 5 | . . . . . . . . . . . . . . . 1 . . . 1 . 3 Melee Attacks 106 | . . . . . . . . . . . . 30 . 5 21 . . . 50 . . Impact . | . . . . . . . . . . . . . . . . . . . . . . Slashing 106 | . . . . . . . . . . . . 30 . 5 21 . . . 50 . . Piercing . | . . . . . . . . . . . . . . . . . . . . . . Sneak Attacks 4 | . . . . . . . . . . . . 3 . . 1 . . . . . . Combat Hostiles 4 | . . . . . . . . . . . . 3 . . 1 . . . . . . Follow-up Attacks 12 | . . . . . . . . . . . . . . . 5 . . . 7 . . Damage Inflicted 9425 | . 160 239 . . 1190 . 1723 . . . 247 2105 . 468 307 . . 2 1007 . 1977 Guns 3908 | . 37 239 . . 1185 . 653 . . . 150 399 . 44 . . . . 403 . 798 Cannons 1258 | . 123 . . . . . . . . . 97 58 . . . . . . 61 . 919 Explosions 2470 | . . . . . . . 1058 . . . . 817 . 346 . . . . . . 249 Melee 1759 | . . . . . . . . . . . . 831 . 78 307 . . . 543 . . Ramming 18 | . . . . . 5 . . . . . . . . . . . . 2 . . 11 Kinetic 4155 | . 37 239 . . 1185 . 653 . . . 247 457 . . . . . . 377 . 960 Thermal 1053 | . 123 . . . . . 12 . . . . . . 44 . . . . 87 . 787 Explosive 2221 | . . . . . . . 1058 . . . . 817 . 346 . . . . . . . Electromagnetic 219 | . . . . . . . . . . . . . . . . . . . . . 219 Impact . | . . . . . . . . . . . . . . . . . . . . . . Slashing 1759 | . . . . . . . . . . . . 831 . 78 307 . . . 543 . . Piercing . | . . . . . . . . . . . . . . . . . . . . . . Highest Corruption 17 | . 2 2 2 2 . . . . . . 2 2 2 6 6 . . 2 2 . 17 Average Corruption 3 | . 2 2 2 2 . . . . . . 2 2 2 4 6 . . 2 2 . 12 Corruption Purged . | . . . . . . . . . . . . . . . . . . . . . . Effects 112 | . 1 8 1 2 . . . . . . . 15 2 17 7 . . . 16 . 43 Message Errors 29 | . . 2 . 2 . . . . . . . 3 . 7 3 . . . 6 . 6 Matter Fused 6 | . . . . . . . . . . . . . . 4 . . . . . . 2 Heat Flow Errors 13 | . 1 2 . . . . . . . . . 1 1 1 1 . . . 2 . 4 Energy Discharges 14 | . . 2 1 . . . . . . . . 4 1 1 1 . . . 2 . 2 Parts Rejected 1 | . . . . . . . . . . . . . . . . . . . . . 1 Data Loss (minor) 14 | . . 1 . . . . . . . . . 4 . 3 1 . . . 4 . 1 Data Loss (major) 4 | . . . . . . . . . . . . . . 1 . . . . . . 3 Misdirections 10 | . . . . . . . . . . . . . . . . . . . . . 10 Targeting Errors 17 | . . 1 . . . . . . . . . 3 . . 1 . . . 2 . 10 Weapon Failures 4 | . . . . . . . . . . . . . . . . . . . . . 4 Overload Shots . | . . . . . . . . . . . . . . . . . . . . . . Overflow Damage 33 | . . . . . . . . . . . . . . 3 . . . . . . 30 Projectiles . | . . . . . . . . . . . . . . . . . . . . . . Explosions 33 | . . . . . . . . . . . . . . 3 . . . . . . 30 Melee . | . . . . . . . . . . . . . . . . . . . . . . Knockbacks 3 | . . . . . . . . . . . . . . . . . . . 1 . 2 Impact . | . . . . . . . . . . . . . . . . . . . . . . Kinetic 3 | . . . . . . . . . . . . . . . . . . . 1 . 2 Secondary . | . . . . . . . . . . . . . . . . . . . . . . Self-Inflicted Damage 321 | . . . . . 2 . 28 . . . . 184 . 23 . . . 1 . . 83 Shots 5 | . . . . . . . 1 . . . . 2 . 1 . . . . . . 1 Rammed 7 | . . . . . 1 . . . . . . . . . . . . 1 . . 5 Targets Rammed 7 | . . . . . 1 . . . . . . . . . . . . 1 . . 5 Kicked . | . . . . . . . . . . . . . . . . . . . . . . Crushed . | . . . . . . . . . . . . . . . . . . . . . . Highest Temperature 502 | . 197 272 . . 65 . 216 10 11 . 48 191 242 254 188 10 . 7 216 . 502 Average Temperature 75 | . 82 128 . . 18 . 35 7 6 . 20 48 56 111 101 10 . 7 38 . 140 Received Heat Transfer 1581 | . 42 . . . 198 . 153 . . . 24 342 36 99 51 . 36 . 357 . 243 Effects 10 | . . . . . . . . . . . . . . . . . . . . . 10 Shutdowns 5 | . . . . . . . . . . . . . . . . . . . . . 5 Interference 3 | . . . . . . . . . . . . . . . . . . . . . 3 Matter Decay 1 | . . . . . . . . . . . . . . . . . . . . . 1 Damage (minor) 1 | . . . . . . . . . . . . . . . . . . . . . 1 Siege Activations . | . . . . . . . . . . . . . . . . . . . . . . Robots Corrupted . | . . . . . . . . . . . . . . . . . . . . . . Combat Hostiles . | . . . . . . . . . . . . . . . . . . . . . . Parts Fried 2 | . . . . . . . . . . . . . . . . . . . . . 2 Impact Corruptions . | . . . . . . . . . . . . . . . . . . . . . . Robots Melted . | . . . . . . . . . . . . . . . . . . . . . . Combat Hostiles . | . . . . . . . . . . . . . . . . . . . . . . Parts Melted 1 | . . . . . . . . . . . . . . . . . . . 1 . . Heat Transferred 1572 | . 259 . . . . . 80 . . . . . . 100 . . . . 200 . 933 Parts Sabotaged . | . . . . . . . . . . . . . . . . . . . . . . Parts Stolen . | . . . . . . . . . . . . . . . . . . . . . . Parts Stripped . | . . . . . . . . . . . . . . . . . . . . . . Power Chain Reactions 1 | . . . . . . . . . . . . . . . . . . . . . 1 Missiles Intercepted . | . . . . . . . . . . . . . . . . . . . . . . Alert | -11 -10 -10 -10 -9 -8 -7 -7 -7 -7 -7 -6 -6 -6 -6 -6 -5 -5 -4 -4 -3 -3 ------- Run | Scr Mat Min Exi Min Mat Fac Gar Fac Low Low Fac Gar Fac Low Low Fac Gar Fac Ext Res Arm Peak Influence 1273 | . 68 251 . . 225 20 907 476 . . 128 1273 809 . . 277 193 121 183 176 214 Average Influence 247 | . 40 139 . . 92 6 582 344 . . 66 773 651 . . 277 163 103 49 79 63 Maximum Alert Level 4 | . . 1 . . 1 . 3 2 . . . 4 3 . . 1 . . . . 1 Low Security (%) 66 | 100 100 75 . 100 86 100 6 . . . 100 7 . . . . 100 100 100 100 97 Level 1 9 | . . 24 . . 13 . 4 95 . . . 9 . . . 100 . . . . 2 Level 2 11 | . . . . . . . 53 4 . . . 22 60 . . . . . . . . Level 3 9 | . . . . . . . 35 . . . . 37 39 . . . . . . . . Level 4 2 | . . . . . . . . . . . . 22 . . . . . . . . . Level 5 . | . . . . . . . . . . . . . . . . . . . . . . High Security . | . . . . . . . . . . . . . . . . . . . . . . Max Security . | . . . . . . . . . . . . . . . . . . . . . . Squads Dispatched 12 | . 1 . . . 1 . . . . . . . 2 . . . . 2 1 1 4 Investigation 3 | . 1 . . . . . . . . . . . . . . . . . . . 2 Extermination 4 | . . . . . . . . . . . . . 1 . . . . . . 1 2 Reinforcement 5 | . . . . . 1 . . . . . . . 1 . . . . 2 1 . . Assault . | . . . . . . . . . . . . . . . . . . . . . . Garrison . | . . . . . . . . . . . . . . . . . . . . . . Intercept . | . . . . . . . . . . . . . . . . . . . . . . Construction Impeded . | . . . . . . . . . . . . . . . . . . . . . . Haulers Reinforced 1 | . . . . . . . . . . . . . . . . . . 1 . . . Stealth | -11 -10 -10 -10 -9 -8 -7 -7 -7 -7 -7 -6 -6 -6 -6 -6 -5 -5 -4 -4 -3 -3 --------- Run | Scr Mat Min Exi Min Mat Fac Gar Fac Low Low Fac Gar Fac Low Low Fac Gar Fac Ext Res Arm Distress Signals 7 | . . . . . 3 . . . . . . . . . . . . 1 1 . 2 Communications Jammed . | . . . . . . . . . . . . . . . . . . . . . . Distress Signals . | . . . . . . . . . . . . . . . . . . . . . . Times Spotted 236 | . 3 12 . . 21 . 31 . 3 . 2 39 9 12 7 . 17 2 30 2 46 Peak Tracking Total 20 | . 2 3 . . 7 . 8 . 3 . 1 6 2 5 3 . 20 5 6 2 9 Tactical Retreats 23 | . . 1 . . 1 . 2 . . . . 1 . . . . 2 1 4 . 11 Traps | -11 -10 -10 -10 -9 -8 -7 -7 -7 -7 -7 -6 -6 -6 -6 -6 -5 -5 -4 -4 -3 -3 ------- Run | Scr Mat Min Exi Min Mat Fac Gar Fac Low Low Fac Gar Fac Low Low Fac Gar Fac Ext Res Arm Traps Triggered 22 | . 1 . . . . 1 6 . . . 2 6 . . . . 1 3 1 . 1 Indirectly . | . . . . . . . . . . . . . . . . . . . . . . Trap Hack Attempts . | . . . . . . . . . . . . . . . . . . . . . . Triggered . | . . . . . . . . . . . . . . . . . . . . . . Disarmed . | . . . . . . . . . . . . . . . . . . . . . . Reprogrammed . | . . . . . . . . . . . . . . . . . . . . . . Reused . | . . . . . . . . . . . . . . . . . . . . . . Traps Extracted . | . . . . . . . . . . . . . . . . . . . . . . Installed . | . . . . . . . . . . . . . . . . . . . . . . Triggered 5 | . . . . . . . . . . . . . . 5 . . . . . . . Machines | -11 -10 -10 -10 -9 -8 -7 -7 -7 -7 -7 -6 -6 -6 -6 -6 -5 -5 -4 -4 -3 -3 ---------- Run | Scr Mat Min Exi Min Mat Fac Gar Fac Low Low Fac Gar Fac Low Low Fac Gar Fac Ext Res Arm Machines Disabled 20 | . . . . . . . 4 . . . . 8 2 . . . . 1 2 1 2 Max in Single Turn 2 | . . . . . . . 1 . . . . 2 . . . . . . 1 . 2 Garrison Relay 9 | . . . . . . . 4 . . . . 5 . . . . . . . . . Phase Generator 1 | . . . . . . . . . . . . 1 . . . . . . . . . Machines Sabotaged . | . . . . . . . . . . . . . . . . . . . . . . Garrisons Compromised . | . . . . . . . . . . . . . . . . . . . . . . Overloaded Fab Kills . | . . . . . . . . . . . . . . . . . . . . . . Fab Network Shutdowns . | . . . . . . . . . . . . . . . . . . . . . . Hacking | -11 -10 -10 -10 -9 -8 -7 -7 -7 -7 -7 -6 -6 -6 -6 -6 -5 -5 -4 -4 -3 -3 --------- Run | Scr Mat Min Exi Min Mat Fac Gar Fac Low Low Fac Gar Fac Low Low Fac Gar Fac Ext Res Arm Machines Accessed 27 | . 3 . . . 5 1 . 3 1 . 3 . 1 . . 1 . 2 6 . 1 Terminals 20 | . 3 . . . 5 . . 2 . . 1 . . . . . . 2 6 . 1 Fabricators 1 | . . . . . . . . . . . 1 . . . . . . . . . . Repair Stations 1 | . . . . . . . . . . . . . 1 . . . . . . . . Recycling Units . | . . . . . . . . . . . . . . . . . . . . . . Scanalyzers 1 | . . . . . . . . 1 . . . . . . . . . . . . . Garrison Access 3 | . . . . . . 1 . . . . 1 . . . . 1 . . . . . Total Hacks 52 | . 9 . . . 12 1 . 6 1 . 5 . 2 . . 1 . 3 9 . 3 Successful 30 | . 5 . . . 6 1 . 4 1 . 5 . 2 . . 1 . 1 4 . . Failed 22 | . 4 . . . 6 . . 2 . . . . . . . . . 2 5 . 3 Catastrophic 3 | . . . . . 1 . . 1 . . . . . . . . . . . . 1 Database Lockouts . | . . . . . . . . . . . . . . . . . . . . . . Manual 24 | . 10 . 1 . 10 . . . . . 1 . . . . . . . 2 . . Terminals 41 | . 9 . . . 12 . . 3 . . 2 . . . . . . 3 9 . 3 Fabricators 1 | . . . . . . . . . . . 1 . . . . . . . . . . Repair Stations 2 | . . . . . . . . . . . . . 2 . . . . . . . . Recycling Units . | . . . . . . . . . . . . . . . . . . . . . . Scanalyzers 3 | . . . . . . . . 3 . . . . . . . . . . . . . Garrison Access 4 | . . . . . . 1 . . . . 2 . . . . 1 . . . . . Terminal Hacks 10 | . . . . . 2 . . 2 1 . 1 . . . . . . 1 3 . . Record 1 | . . . . . . . . . . . . . . . . . . . 1 . . Open Door 4 | . . . . . . . . . 1 . . . . . . . . 1 2 . . Terminal Index 1 | . . . . . . . . 1 . . . . . . . . . . . . . Alert Level 1 | . . . . . 1 . . . . . . . . . . . . . . . . Unreport Threat 2 | . . . . . 1 . . 1 . . . . . . . . . . . . . Zone Layout 1 | . . . . . . . . . . . 1 . . . . . . . . . . Fabricator Hacks 1 | . . . . . . . . . . . 1 . . . . . . . . . . Build 1 | . . . . . . . . . . . 1 . . . . . . . . . . Repair Station Hacks 2 | . . . . . . . . . . . . . 2 . . . . . . . . Scan Component 1 | . . . . . . . . . . . . . 1 . . . . . . . . Repair 1 | . . . . . . . . . . . . . 1 . . . . . . . . Recycling Unit Hacks . | . . . . . . . . . . . . . . . . . . . . . . Scanalyzer 2 | . . . . . . . . 2 . . . . . . . . . . . . . Insert Component 2 | . . . . . . . . 2 . . . . . . . . . . . . . Garrison Access Hacks 4 | . . . . . . 1 . . . . 2 . . . . 1 . . . . . Unlock Access 3 | . . . . . . 1 . . . . 1 . . . . 1 . . . . . Coupler Status 1 | . . . . . . . . . . . 1 . . . . . . . . . . Unauthorized Hacks 29 | . 14 . . . 11 . . . . . 2 . . . . . . . 2 . . Terminals 11 | . 5 . . . 4 . . . . . 1 . . . . . . . 1 . . Track 4 | . 2 . . . 2 . . . . . . . . . . . . . . . . Botnet 7 | . 3 . . . 2 . . . . . 1 . . . . . . . 1 . . Fabricators . | . . . . . . . . . . . . . . . . . . . . . . Repair Stations . | . . . . . . . . . . . . . . . . . . . . . . Recycling Units . | . . . . . . . . . . . . . . . . . . . . . . Scanalyzers . | . . . . . . . . . . . . . . . . . . . . . . Garrison Access . | . . . . . . . . . . . . . . . . . . . . . . Data Cores Recovered . | . . . . . . . . . . . . . . . . . . . . . . Used . | . . . . . . . . . . . . . . . . . . . . . . Hacking Detections 20 | . 3 . . . 4 1 . 2 . . 3 . 1 . . 1 . 1 3 . 1 Full Trace Events 2 | . 1 . . . . . . . . . . . . . . . . . . . 1 Feedback Events . | . . . . . . . . . . . . . . . . . . . . . . Feedback Blocked . | . . . . . . . . . . . . . . . . . . . . . . Robot Schematics Acquired . | . . . . . . . . . . . . . . . . . . . . . . Robots Built . | . . . . . . . . . . . . . . . . . . . . . . Matter . | . . . . . . . . . . . . . . . . . . . . . . Time . | . . . . . . . . . . . . . . . . . . . . . . Total Robot Build Rating . | . . . . . . . . . . . . . . . . . . . . . . Part Schematics Acquired . | . . . . . . . . . . . . . . . . . . . . . . Parts Built 2 | . . . . . . . . . . . 2 . . . . . . . . . . Matter 234 | . . . . . . . . . . . 234 . . . . . . . . . . Time 58 | . . . . . . . . . . . 58 . . . . . . . . . . Total Part Build Rating 14 | . . . . . . . . . . . 14 . . . . . . . . . . Parts Repaired 1 | . . . . . . . . . . . . . 1 . . . . . . . . Time 25 | . . . . . . . . . . . . . 25 . . . . . . . . Parts Recycled . | . . . . . . . . . . . . . . . . . . . . . . Recycled Matter . | . . . . . . . . . . . . . . . . . . . . . . Retrieved Matter . | . . . . . . . . . . . . . . . . . . . . . . Retrieved Components . | . . . . . . . . . . . . . . . . . . . . . . Parts Scanalyzed 1 | . . . . . . . . 1 . . . . . . . . . . . . . Part Schematics Acquired . | . . . . . . . . . . . . . . . . . . . . . . Parts Damaged . | . . . . . . . . . . . . . . . . . . . . . . Bothacking | -11 -10 -10 -10 -9 -8 -7 -7 -7 -7 -7 -6 -6 -6 -6 -6 -5 -5 -4 -4 -3 -3 ------------ Run | Scr Mat Min Exi Min Mat Fac Gar Fac Low Low Fac Gar Fac Low Low Fac Gar Fac Ext Res Arm Used RIF Installer 2 | . . . . . . . 1 . . . . 1 . . . . . . . . . Robot Detection 1 | . . . . . . . . . . . . 1 . . . . . . . . . Robots Hacked 41 | . . . . . . . 7 1 3 . . 16 6 . . . . 1 7 . . Non-combat 3 | . . . . . . . . 1 . . . . 2 . . . . . . . . Combat 38 | . . . . . . . 7 . 3 . . 16 4 . . . . 1 7 . . Robot Hacks Applied 44 | . . . . . . . 7 2 3 . . 16 8 . . . . 1 7 . . parse_system 2 | . . . . . . . . . . . . 1 . . . . . . 1 . . ignore_parts 1 | . . . . . . . . . . . . . 1 . . . . . . . . purge_threat 2 | . . . . . . . . . . . . . 2 . . . . . . . . reboot_system 2 | . . . . . . . . . . . . 2 . . . . . . . . . go_dormant 1 | . . . . . . . . . . . . 1 . . . . . . . . . overwrite_iff 1 | . . . . . . . . . . . . . . . . . . . 1 . . streamctrl_low 1 | . . . . . . . . 1 . . . . . . . . . . . . . formatsys_low 2 | . . . . . . . . 1 . . . . 1 . . . . . . . . formatsys_high 32 | . . . . . . . 7 . 3 . . 12 4 . . . . 1 5 . . Relay Couplers Released 33 | . . . . . . . 14 . . . . 19 . . . . . . . . . Machine Destruction 33 | . . . . . . . 14 . . . . 19 . . . . . . . . . Attached 21 | . . . . . . . 5 1 1 . 1 5 5 . . . . 1 2 . . Robots Rewired 27 | . . . . . . . . . . . . 5 . . . 1 . . 19 . 2 Allies Hacked . | . . . . . . . . . . . . . . . . . . . . . . Hacks Repelled . | . . . . . . . . . . . . . . . . . . . . . . Allies | -11 -10 -10 -10 -9 -8 -7 -7 -7 -7 -7 -6 -6 -6 -6 -6 -5 -5 -4 -4 -3 -3 -------- Run | Scr Mat Min Exi Min Mat Fac Gar Fac Low Low Fac Gar Fac Low Low Fac Gar Fac Ext Res Arm Total Allies 66 | . . . . . . . 7 1 3 . . 17 5 . . 1 . 1 29 . 2 Largest Group 11 | . . . . . . . 7 8 10 10 10 11 10 10 3 4 4 1 10 10 8 Highest-Rated Group 413 | . . . . . . . 112 132 156 156 156 314 325 325 90 120 120 49 413 413 344 Highest-Rated Ally 49 | . . . . . . . 16 20 20 20 20 32 41 41 37 37 37 49 49 49 49 Total Orders 10 | . . . . . . . 2 1 . . . 5 . . . . . 1 . . 1 STAY 3 | . . . . . . . 1 . . . . 1 . . . . . 1 . . . GOTO 2 | . . . . . . . . . . . . 1 . . . . . . . . 1 FOLLOW 2 | . . . . . . . 1 . . . . 1 . . . . . . . . . AID 3 | . . . . . . . . 1 . . . 2 . . . . . . . . . Ally Attacks 413 | . . . . . . . 15 . . . 7 131 10 42 16 . 7 3 130 14 38 Total Damage 10873 | . . . . . . . 213 . . . 48 2866 419 1207 500 . 290 93 3809 336 1092 Kills 69 | . . . . . . . 2 . . . 1 20 4 13 4 . . 1 17 2 5 Allies Corrupted . | . . . . . . . . . . . . . . . . . . . . . . Allies Melted 1 | . . . . . . . . . . . . 1 . . . . . . . . . Intel | -11 -10 -10 -10 -9 -8 -7 -7 -7 -7 -7 -6 -6 -6 -6 -6 -5 -5 -4 -4 -3 -3 ------- Run | Scr Mat Min Exi Min Mat Fac Gar Fac Low Low Fac Gar Fac Low Low Fac Gar Fac Ext Res Arm Robot Analysis Total . | . . . . . . . . . . . . . . . . . . . . . . Derelict Logs Recovered 6 | . . 1 . 1 . . . . 2 . . . . 2 . . . . . . . Drone Launches . | . . . . . . . . . . . . . . . . . . . . . . Drone Recoveries . | . . . . . . . . . . . . . . . . . . . . . . Exploration | -11 -10 -10 -10 -9 -8 -7 -7 -7 -7 -7 -6 -6 -6 -6 -6 -5 -5 -4 -4 -3 -3 ------------- Run | Scr Mat Min Exi Min Mat Fac Gar Fac Low Low Fac Gar Fac Low Low Fac Gar Fac Ext Res Arm Turns Passed 10075 | 66 233 587 191 240 1040 82 856 252 856 37 163 967 321 794 268 73 104 345 1478 273 849 Spaces Moved 8402 | 44 160 383 225 297 661 102 909 220 980 25 104 796 254 810 161 50 105 441 826 157 692 Core 47 | 5 . . . . . . . . . . . . . . . . . . . . 42 Treads 271 | . . . . . . . . . . . . . . . . . . . . 103 168 Legs 461 | 39 160 262 . . . . . . . . . . . . . . . . . . . Wheels . | . . . . . . . . . . . . . . . . . . . . . . Hover 7334 | . . 121 225 297 661 102 909 220 980 25 104 796 254 810 161 50 105 441 826 54 193 Flight 289 | . . . . . . . . . . . . . . . . . . . . . 289 Fastest Speed 34 | 50 120 76 76 76 65 65 58 58 65 65 65 65 76 66 66 126 66 58 52 160 34 Average Speed 77 | 121 124 126 76 76 65 65 58 58 65 65 65 66 76 70 122 126 86 58 99 160 71 Slowest Speed 240 | 150 150 150 76 76 76 65 76 65 76 65 65 76 76 150 126 126 126 58 160 160 240 Overloaded Moves . | . . . . . . . . . . . . . . . . . . . . . . Propulsion Burnouts . | . . . . . . . . . . . . . . . . . . . . . . Robots Hopped 5 | . . . . . . . . . . . . . . . . . . . . . 5 Cave-ins Triggered . | . . . . . . . . . . . . . . . . . . . . . . Exploration Rate (%) 38 | 5 26 57 60 69 47 4 83 5 86 6 4 84 9 86 31 2 37 14 79 5 43 Regions Visited 21 Branch Regions 9 Pre-discovered Areas 3 | . . . . . . . . . 2 . . . . 1 . . . . . . . Known Exits Taken 3 | . . . . . . 1 . . . . 1 . . . . 1 . . . . . Unknown Exits Taken 15 | 1 1 1 1 1 1 . . 1 1 1 . . 1 1 1 . . 1 1 1 . Scrap Searched 9 | . . 1 . 2 . . . . 3 . . . . 3 . . . . . . . Spaces Dug 11 | . . . . . . . . . . . . . . . . . . . 11 . . Terrain Destroyed 214 | . . . . . . . 82 . . . 1 79 . 24 . . . . 13 . 15 Melee 11 | . . . . . . . . . . . . . . . . . . . 11 . . Projectile 16 | . . . . . . . . . . . 1 1 . . . . . . 2 . 12 AOE 187 | . . . . . . . 82 . . . . 78 . 24 . . . . . . 3 Actions | -11 -10 -10 -10 -9 -8 -7 -7 -7 -7 -7 -6 -6 -6 -6 -6 -5 -5 -4 -4 -3 -3 --------- Run | Scr Mat Min Exi Min Mat Fac Gar Fac Low Low Fac Gar Fac Low Low Fac Gar Fac Ext Res Arm Total 11371 | 53 182 436 246 311 1185 119 1157 340 1192 45 189 1146 373 1020 202 59 119 529 1366 178 924 Wait 1997 | . 6 17 . 12 427 7 73 115 196 21 77 167 95 192 21 7 . 69 374 10 111 Move 8369 | 43 159 382 224 296 660 101 906 219 979 24 103 794 253 809 160 49 103 440 825 156 684 Hop 3 | . . . . . . . . . . . . . . . . . . . . . 3 Pick Up 120 | 4 3 8 17 3 25 2 15 . 2 . 2 15 1 3 2 . . 4 12 . 2 Fast Attach 59 | 6 2 . . . 2 . 1 . . . . 1 2 1 . . . 4 1 5 34 Attach 66 | . 1 . 1 . 3 4 5 . 1 . . 6 4 4 2 1 1 4 13 2 14 Detach 26 | . 2 . . . . 2 1 . . . . 1 2 1 . . 1 2 4 2 8 Swap 58 | . 1 3 . . 2 . 20 2 2 . 3 8 1 1 1 1 . 1 8 1 3 Drop 63 | . 1 . 4 . 19 3 8 . 2 . . 10 . . 1 . 1 3 5 2 4 Fire 340 | . 7 26 . . 46 . 49 4 9 . 4 58 15 4 . 1 . 1 60 . 56 Melee 92 | . . . . . . . . . . . . 30 . 5 15 . . . 42 . . Ram 5 | . . . . . 1 . . . . . . . . . . . . 1 . . 3 Kick . | . . . . . . . . . . . . . . . . . . . . . . Crush 2 | . . . . . . . . . . . . . . . . . . . . . 2 Escape Stasis 135 | . . . . . . . 79 . . . . 30 . . . . 13 . 13 . . Rewire 36 | . . . . . . . . . 1 . . 26 . . . . . . 9 . . Trap . | . . . . . . . . . . . . . . . . . . . . . . Miscellaneous . | . . . . . . . . . . . . . . . . . . . . . . Route ------- -11/Scrapyard -10/Materials (discovered 2 exits: [*Min x2]) -10/Mines (discovered 3 exits: [*Mat x2] / *Exi) -10/Exiles -9/Mines -8/Materials (discovered 2 exits: *Fac / Sto) -7/Factory -7/Garrison (discovered 3 exits: *Fac x3) -7/Factory -7/Lower Caves -7/Lower Caves -6/Factory -6/Garrison (discovered 2 exits: *Fac x2) -6/Factory -6/Lower Caves -6/Lower Caves -5/Factory -5/Garrison -4/Factory -4/Extension (discovered 2 exits: [*Res] / [*Cet]) -3/Research -3/Armory History --------- Turn | Location | Event 36 | -11/Scrapyard | Discovered new exit (range 14) 67 | -11/Scrapyard | Entered Materials 178 | -10/Materials | Discovered new exit (range 15) 220 | -10/Materials | Discovered new exit (range 10) 300 | -10/Materials | Entered Mines 309 | -10/Mines | Build established: Mutant 391 | -10/Mines | Received a Rocket Launcher from a helpful Derelict 494 | -10/Mines | Discovered new exit (range 10) 511 | -10/Mines | Learned location of 1 exit from Materials 669 | -10/Mines | Assembled infested the area 701 | -10/Mines | Met 8R-AWN 820 | -10/Mines | Discovered new exit (range 6) 884 | -10/Mines | Discovered new exit (range 5) 887 | -10/Mines | Entered Exiles 906 | -10/Exiles | Welcomed by 8R-AWN 919 | -10/Exiles | Met EX-HEX 940 | -10/Exiles | Met EX-BIN 949 | -10/Exiles | Aligned with FarCom system 950 | -10/Exiles | Given EX-Vault access code 968 | -10/Exiles | Opened EX-Vault 974 | -10/Exiles | Found Prototype Storage 976 | -10/Exiles | Identified Lightpack 2.0 1022 | -10/Exiles | Warned to stay clear of 0b10 Research branches 1043 | -10/Exiles | Met EX-DEC 1069 | -10/Exiles | Discovered new exit (range 12) 1078 | -10/Exiles | Left Exiles lab with Lightpack 2.0 1078 | -10/Exiles | Entered Mines 1140 | -9/Mines | Learned Materials stockpile data 1259 | -9/Mines | Found a hidden stash of uninstalled traps 1282 | -9/Mines | Build established: Hauler-Mutant 1309 | -9/Mines | A weapon hastily lodged in a ceiling crevice suddenly fell to the ground 1312 | -9/Mines | Discovered new exit (range 6) 1318 | -9/Mines | Entered Materials 1318 | -8/Materials | Evolved 4 slots: Propulsion x1, Utility x3 1319 | -8/Materials | Identified exit to Storage 1630 | -8/Materials | Build established: Scavenger-Mutant 2120 | -8/Materials | Discovered new exit (range 11) 2358 | -8/Materials | Entered Factory 2358 | -7/Factory | Evolved 2 slots: Utility x1, Weapon x1 2436 | -7/Factory | Identified exit to Garrison 2440 | -7/Factory | Entered Garrison 2506 | -7/Garrison | Triggered checkpoint 2527 | -7/Garrison | Destroyed 8 combat bots 2565 | -7/Garrison | Discovered new exit (range 10) 2628 | -7/Garrison | Triggered checkpoint 2657 | -7/Garrison | Discovered new exit (range 9) 2658 | -7/Garrison | Build established: Hauler-Tank 2705 | -7/Garrison | Discovered new exit (range 14) 2716 | -7/Garrison | Installed Relay Interface Framework 2736 | -7/Garrison | Triggered checkpoint 2847 | -7/Garrison | Garrison Relay disabled 2898 | -7/Garrison | Triggered checkpoint 2924 | -7/Garrison | Triggered checkpoint 2954 | -7/Garrison | Triggered checkpoint 2993 | -7/Garrison | Garrison Relay disabled 3128 | -7/Garrison | Triggered checkpoint 3153 | -7/Garrison | Garrison Relay disabled 3204 | -7/Garrison | Triggered checkpoint 3220 | -7/Garrison | Garrison Relay disabled 3296 | -7/Garrison | Entered Factory 3296 | -7/Factory | Accompanied by 7 allies 3424 | -7/Factory | Discovered new exit (range 16) 3451 | -7/Factory | Build established: Bothacker-Mutant 3548 | -7/Factory | Entered Lower Caves 3548 | -7/Lower Caves | Accompanied by 8 allies 4329 | -7/Lower Caves | Build established: Commander-Mutant 4349 | -7/Lower Caves | Discovered new exit (range 12) 4404 | -7/Lower Caves | Entered another Lower Caves area 4404 | -7/Lower Caves | Accompanied by 10 allies 4414 | -7/Lower Caves | Encountered a Warlord checkpoint 4415 | -7/Lower Caves | Discovered new exit (range 7) 4441 | -7/Lower Caves | Entered Factory 4441 | -6/Factory | Accompanied by 10 allies 4441 | -6/Factory | Evolved 2 slots: Power x1, Utility x1 4536 | -6/Factory | Fabricated Imp. Antigrav System (x2) 4602 | -6/Factory | Identified exit to Garrison 4604 | -6/Factory | Entered Garrison 4604 | -6/Garrison | Accompanied by 6 allies 4608 | -6/Garrison | Expanded RIF knowledge: Robot Detection 4635 | -6/Garrison | Triggered checkpoint 4663 | -6/Garrison | Triggered checkpoint 4672 | -6/Garrison | Triggered checkpoint 4698 | -6/Garrison | Discovered new exit (range 10) 4762 | -6/Garrison | Triggered checkpoint 4966 | -6/Garrison | Triggered checkpoint 4990 | -6/Garrison | Garrison Relay disabled 5069 | -6/Garrison | Triggered checkpoint 5080 | -6/Garrison | Garrison Relay disabled 5112 | -6/Garrison | Discovered new exit (range 14) 5230 | -6/Garrison | Triggered checkpoint 5272 | -6/Garrison | Garrison Relay disabled 5333 | -6/Garrison | Phase Generator disabled 5398 | -6/Garrison | Triggered checkpoint 5400 | -6/Garrison | Triggered checkpoint 5426 | -6/Garrison | Garrison Relay disabled 5471 | -6/Garrison | Garrison Relay disabled 5571 | -6/Garrison | Entered Factory 5571 | -6/Factory | Accompanied by 8 allies 5574 | -6/Factory | Build established: Bothacker-Mutant 5638 | -6/Factory | Repaired Cmb. Airjet 5657 | -6/Factory | Discovered new exit (range 15) 5892 | -6/Factory | Entered Lower Caves 5892 | -6/Lower Caves | Accompanied by 10 allies 6220 | -6/Lower Caves | Attracted the attention of an 0b10 checkpoint 6250 | -6/Lower Caves | Learned Factory garrison access intel 6261 | -6/Lower Caves | Lost 4 parts (1p1n1u1w) 6596 | -6/Lower Caves | Discovered new exit (range 12) 6686 | -6/Lower Caves | Entered another Lower Caves area 6686 | -6/Lower Caves | Accompanied by 3 allies 6923 | -6/Lower Caves | Discovered new exit (range 10) 6954 | -6/Lower Caves | Entered Factory 6954 | -5/Factory | Accompanied by 3 allies 6954 | -5/Factory | Evolved 2 slots: Propulsion x1, Utility x1 6955 | -5/Factory | Loaded intel: 4 garrison access locations 7019 | -5/Factory | Identified exit to Garrison 7027 | -5/Factory | Entered Garrison 7027 | -5/Garrison | Accompanied by 4 allies 7082 | -5/Garrison | Triggered checkpoint 7100 | -5/Garrison | Triggered checkpoint 7122 | -5/Garrison | Discovered new exit (range 15) 7131 | -5/Garrison | Entered Factory 7131 | -4/Factory | Evolved 2 slots: Utility x2 7472 | -4/Factory | Discovered new exit (range 10) 7476 | -4/Factory | Entered Extension 8039 | -4/Extension | Lost 3 parts (1p1n1u) 8081 | -4/Extension | Lost 3 parts (1n1u1w) 8385 | -4/Extension | Spotted B-86 Titan 8492 | -4/Extension | Rescued a captive Derelict 8493 | -4/Extension | Rescued a captive Derelict 8580 | -4/Extension | Rescued a captive Derelict 8581 | -4/Extension | Rescued a captive Derelict 8917 | -4/Extension | Discovered new exit (range 10) 8919 | -4/Extension | Discovered new exit (range 6) 8954 | -4/Extension | Entered Research 8954 | -3/Research | Accompanied by 10 allies 8954 | -3/Research | Evolved 2 slots: Propulsion x1, Weapon x1 9169 | -3/Research | Discovered new exit (range 15) 9227 | -3/Research | Entered Armory 9227 | -3/Armory | Accompanied by 6 allies 9421 | -3/Armory | Spotted B-86 Titan 9529 | -3/Armory | Lost 9 parts (1n6u2w) 9629 | -3/Armory | System corruption reached 10% 9711 | -3/Armory | Lost 6 parts (2p1n1u2w) 9880 | -3/Armory | Lost 19 parts (2p4n5u8w) 9965 | -3/Armory | Lost 7 parts (2p4n1w) 9985 | -3/Armory | Core integrity fell below 50% 10017 | -3/Armory | Core integrity fell below 20% 10039 | -3/Armory | Lost 4 parts (1p3n) 10076 | -3/Armory | Destroyed by S-43 Plague with Heavy Machine Gun Last Messages --------------- 10039_ Penetrated by Slug. 10039_ Slug penetrates Wall. 10039_ System corrupted: Quantum Rifle failed to cycle. 10042_ Penetrated by Slug. 10045_ Drone sends a signal. 10045_ Penetrated by Slug. 10046_ Slammed into Y-72 Warden. 10049_ Slug penetrates H-77 Assassin. 10051_ Penetrated by Slug. 10055_ Slug penetrates Wall. 10055_ Penetrated by Slug. 10058_ Slug penetrates Wall. 10058_ Slug penetrates Y-72 Warden. 10059_ Penetrated by Slug. 10059_ Slug penetrates Wall. 10059_ Penetrated by Slug. 10061_ Slug penetrates Wall. 10062_ Slug penetrates H-77 Assassin. 10067_ System corrupted: Substantial component data lost. [Achievement: 10k Club] Map ----- +----------------------------------------------------+ | | | | | | | | | | | | | | | | | | | | | | | | | | | | | | | | | | | | | | | ???????????????################################### | | ???????????????# # ## | | ???????????????# """" # === ## | | ???????????????# """" # === ## | | ???????????????# [[ """" # = ## | | ???????????????# ! [[ """" # ## | | ???????????????# [[ @ s # ## | | ?????????????????###########+## ## | | ??????????????????""" # Y h######"####### | | ??????????????????""" " [ ## """"" | | ??????????????????""" # h h h+ "???? | | ????????????????? ?# ] ##### " ## "???? | | ???????????Y??? ??######???# """ ## "???? | | ???????????????? ????????????# """ ## "???? | | ??????????????? ?????????????# """ ## """"" | | ???????????????? ???????????????# """ ## | | ????????????????##????????????????#* ## | | ??????????????????????????????????# ## | | ??????????????????????????????????# #######+ | | ?????????????????????????????????? | | ??????????????????Y??????????????? | | ??????????????????????????????????###### """" | | ???????????????????????????????????????? ""F" | | ???????????????????????????????????????? "" | | ???????????????????????????????????????? | | ???????????????????????????????????????? | | ???????????????????????????????????????# ######### | | ???????????????????????????????????????#?????????? | | ?????????????????????????????????????????????????? | | ?????????????????????????????????????????????????? | | ?????????????????????????????????????????????????? | +----------------------------------------------------+ Best States ------------- Heat Dissipation 84 Energy Generation 41 Energy Capacity 450 Matter Stores 300 Matter Capacity 300 Sight Range 16 Terrain Scan Density 10 Jamming Range 8 Armor Coverage 825 Resistance: EX 25 Core Shielding 30 Utility Shielding 66 Point Defense Rating 80 Evasion (%) 62 Targeting Accuracy 8 Target Analysis 8 Recoil Reduction 5 Kinecelleration 40 Defensive Hacking 10 Item Schematics ----------------- None Robot Schematics ------------------ None Fabricated ------------ Imp. Antigrav System | x2 | -6/Factory | Preloaded Alien Tech Used ----------------- None Achievements -------------- 10k Club Assimilation Complete Collateral Damage Factory Defaults Hunted Challenges ------------ None Game ------ Seed SeismicSmallBay Manual? 0 Play Time 02:45:21 Cumulative 16.1 hours Start 2020.02.23 @ 03:03:29 End 2020.02.23 @ 05:55:53 Sessions 1 Manual Loads 0 Difficulty Rogue Special Mode None Game No. 15 Rogue 15 Adventurer 0 Explorer 0 Win Type - Total 0 Types 0/0/0/0/0/0/0 Lore% 12 Gallery% 24 Achievement% 23 Wizard Run 0 Options --------- ASCII 0 Keyboard 1 Movement Numpad Keybinds 0 Fullscreen 1 Font 18/SmallcapsGlow Map View 76x50 Tactical HUD 1 Map Filters NONE Filters NONE Steam 1 RUN: dd78ef57-1eea-4804-a575-4f189495936b